 Dungeon Crawl Stone Soup version 0.18-a0-1797-gc18daef (webtiles) character file.

32 dobroeutro the Shield-Bearer (level 3, -2/23 HPs)
             Began as a Gargoyle Fighter on Apr 22, 2016.
             Slain by Natasha (4 damage)
             ... on level 2 of the Dungeon.
             The game lasted 00:01:22 (982 turns).

dobroeutro the Shield-Bearer (Gargoyle Fighter)      Turns: 982, Time: 00:01:22

Health: -2/23      AC: 10    Str: 20    XL:     3   Next: 25%
Magic:  3/3        EV:  7    Int:  8    God:
Gold:   83         SH:  9    Dex:  9    Spells: 0 memorised, 2 levels left

rFire  . . .     SeeInvis .     a - +0 flail
rCold  . . .     Gourm    .     b - +0 scale mail
rNeg   + . .     Faith    .     c - +0 shield
rPois  ∞         Spirit   .     (no helmet)
rElec  +         Dismiss  .     (no cloak)
rCorr  .         Reflect  .     (no gloves)
SustAt .         Harm     .     (no boots)
MR     .....                    (no amulet)
Stlth  ..........               (no ring)
                                (no ring)

@: slowed, very slow, not resistant to hostile enchantments, extremely
unstealthy
A: negative energy resistance 1, electricity resistance, unbreathing,
petrification resistance, rot immunity, AC +3
a: no special abilities


You were on level 2 of the Dungeon.
You were hungry.

You visited 1 branch of the dungeon, and saw 2 of its levels.

You collected 83 gold pieces.

Inventory:

Hand Weapons
 a - a +0 flail (weapon)
Armour
 b - a +0 scale mail (worn)
 c - a +0 shield (worn)
Jewellery
 j - an uncursed ring of poison resistance {unknown}
Scrolls
 h - a scroll of amnesia {unknown}
 i - 2 scrolls of identify {unknown}
 l - a scroll of teleportation {unknown}
 m - 2 scrolls of remove curse {unknown}
Potions
 d - a potion of might
 e - a potion of agility {unknown}
 g - 3 potions of curing {unknown}
 n - 2 potions of heal wounds {unknown}
Comestibles
 f - a bread ration
 k - a beef jerky
 o - a chunk of flesh


   Skills:
 + Level 3.6 Fighting
 + Level 2.2 Maces & Flails
 + Level 3.7 Armour
 + Level 3.8 Shields


You had 2 spell levels left.
You didn't know any spells.

Dungeon Overview and Level Annotations

Branches:
Dungeon (2/15)

Altars:
Dithmenos

Annotations:
D:2 Natasha


Innate Abilities, Weirdness & Mutations

You are resistant to torment.
Your stone body is resilient (AC +3).
You are immune to poison.
You resist negative energy.
You are resistant to electric shocks.
You can survive without breathing.
You are immune to petrification.
You are immune to rotting.


Message History

The quokka bites you.
* * * LOW HITPOINT WARNING * * *
Your shield and scale mail prevent you from hitting the quokka.
You block Natasha's attack. You block the quokka's attack.
You block Natasha's attack. The quokka barely misses you.
Your shield and scale mail prevent you from hitting the quokka.
The quokka closely misses you. Natasha casts a spell at you.
The magic dart hits you!
The quokka bites you but does no damage.
You block Natasha's attack. The quokka bites you.
* * * LOW HITPOINT WARNING * * *
Unknown command.
You closely miss the quokka. You block Natasha's attack. The quokka misses you.
You block Natasha's attack. The quokka barely misses you.
Unknown command.
You barely miss the quokka.
The crimson imp disappears in a puff of smoke!
You block the quokka's attack. Natasha claws you.
You die...

##.##.................#
.........#....#.###...###
.#.#####.....##.........#
......)..#...##..##..##.#
..########...##..##.....#
#.# #...##..##..###.#
..#### #...##.s§...#
#....# #...###h##5.#
.....# .# #@##.....
.....# #r###.#.##
._...... #.# .....
....#.## #.# ##.#.#
....#.# #.# .#.# ..### #
..# # # #... ### .### .#


You could see Natasha, a quokka and a giant cockroach.

Vanquished Creatures
  An ooze (D:1)
  A dart slug (D:2)
  2 giant geckos (D:1)
  A bat (D:2)
  A giant cockroach (D:2)
  3 goblins
  3 hobgoblins
  5 kobolds
  3 giant newts
  3 rats (D:1)
23 creatures vanquished.

Notes
Turn   | Place    | Note
--------------------------------------------------------------
     0 | D:1      | dobroeutro the Gargoyle Fighter began the quest for the Orb.
     0 | D:1      | Reached XP level 1. HP: 14/14 MP: 1/1
   111 | D:1      | Reached XP level 2. HP: 6/19 MP: 2/2
   700 | D:2      | Reached XP level 3. HP: 23/23 MP: 3/3
   818 | D:2      | Found a shadowy altar of Dithmenos.
   965 | D:2      | Noticed Natasha
   982 | D:2      | Slain by Natasha

Vault maps used:
D:1:      dpeg_arrival_brainrot, roderic_roman_lattice, grunt_decor_arrowhead
D:2:      nicolae_overflow_crystal_walls, minmay_crystal_water, uniq_natasha

Action                   || total
-------------------------++-------
Melee: Flail             ||   121
Armor: Scale mail        ||    60
Dodge: Dodged            ||    45
Block: Shield            ||    75
